 Dungeon Crawl Stone Soup version 0.31-a0-1540-g5a0b83f448 (webtiles) character file.

Game seed: 11984781277151269040

89 holysushi the Slasher (level 4, -1/35 HPs)
             Began as a Formicid Monk on Jan 1, 2024.
             Slain by a gnoll
             ... wielding a +0 spear
              (5 damage)
             ... on level 3 of the Dungeon.
             The game lasted 00:02:18 (1468 turns).

holysushi the Slasher (Formicid Monk)               Turns: 1468, Time: 00:02:19

Health: -1/35      AC:  6    Str: 16    XL:     4   Next: 84%
Magic:  13/13      EV: 12    Int:  9    God:
Gold:   52         SH:  0    Dex: 18    Spells: 3/3 levels left

rFire   . . .        n - +10 short sword "Zikhais" {heavy, rC+ MP+9}
rCold   + . .        d - orb {light}
rNeg    . . .        e - +0 ring mail
rPois   .            (helmet unavailable)
rElec   .            (no cloak)
rCorr   .            (no gloves)
SInv    +            m - +0 pair of boots
Will    .....        (no amulet)
Stlth   +            (no ring)
HPRegen 0.25/turn    (no ring)
MPRegen 0.13/turn

%: no passive effects
@: glowing
A: permanent stasis, dig shafts and tunnels, antennae 3, four strong arms
a: Dig, Shaft Self


You were on level 3 of the Dungeon.
You visited 1 branch of the dungeon, and saw 3 of its levels.

You collected 52 gold pieces.

Inventory:

Hand Weapons
 a - a +0 falchion
 n - the +10 short sword "Zikhais" (weapon) {heavy, rC+ MP+9}
   (You found it on level 2 of the Dungeon)

   rC+:       It protects you from cold.
   MP+9:      It affects your magic capacity (+9).
Armour
 b - a +0 robe
 d - an orb of light (worn)
 e - a +0 ring mail (worn)
 m - a +0 pair of boots (worn)
Jewellery
 i - a ring of wizardry
Scrolls
 f - a scroll of summoning
Potions
 c - a potion of ambrosia
 h - a potion of mutation
 l - a potion of enlightenment {unknown}


   Skills:
 - Level 3.5 Fighting
 + Level 4.9 Long Blades
 - Level 2.9 Dodging


You had 3 spell levels left.
You didn't know any spells.
Your spell library contained the following spells:

 Spells                   Type           Power      Damage    Failure   Level
 Call Imp                 Summ           0%         N/A       75%         2
 Sublimation of Blood     Necr           0%         N/A       75%         2
 Summon Hydra             Summ           0%         N/A       100%        7


Dungeon Overview and Level Annotations

Branches:
Dungeon (3/15) Zot: 16516

Altars:
Zin


Innate Abilities, Weirdness & Mutations

You cannot be hasted, slowed, berserked, paralysed or teleported.
You can dig through walls and to a lower floor.
You have a pair of large antennae on your head. (SInv)
Your four strong arms can wield two-handed weapons with a shield.


Message History

A bat is nearby!
The bat hits you but does no damage.
You closely miss the bat. The bat hits you but does no damage.
You hit the bat.
You kill the bat!
No target in view!
You see here a +0 rapier.
Found a stone staircase leading up.
You sense a monster nearby.
A gnoll is nearby!
The gnoll shouts!
A gnoll comes into view. It is wielding a +0 club.
There are monsters nearby!
The gnoll shouts!
There are monsters nearby!
The gnoll misses you. The gnoll barely misses you.
The gnoll hits you with a +0 spear. The gnoll misses you.
The gnoll attacks as it pursues you! The gnoll hits you with a +0 whip.
The gnoll barely misses you. The gnoll attacks as it pursues you!
The gnoll misses you. The gnoll attacks as it pursues you!
The gnoll misses you.
You see here a scroll labelled USHRAE ODEQIE.
You puncture the gnoll!
The gnoll is almost dead.
The gnoll closely misses you. The gnoll hits you with a +0 flail.
The gnoll attacks as it pursues you! The gnoll hits you but does no damage.
The gnoll attacks as it pursues you! The gnoll hits you with a +0 flail.
The adder hisses angrily.
You hit the gnoll but do no damage.
The gnoll is almost dead.
The gnoll hits you with a +0 flail!
* * * LOW HITPOINT WARNING * * *
The gnoll hits you from afar with a +0 spear.
* * * LOW HITPOINT WARNING * * *
The gnoll barely misses you.
You hit the gnoll.
You kill the gnoll!
The gnoll hits you from afar with a +0 spear.
You die...

<. .........# #.#
#.......## ##....# ...
#......... ...... #..
#.........##....#
####.###.#####........
......##.{# #....... # ..
#...#.## #......# .# ...
###.#gg###......# .#
....###.##.)@S.....<##..#
......#...###.##.##.....#
..............#..#...##..#
....#.#..###..#.##.#.# ..
#. #...........##.#.#
#####..##....#...#
#.).#..[.<.###
###.........#
#######.#...#....


You could see 2 gnolls and an adder.

Vanquished Creatures
  A hound (D:2)
  A gnoll (D:3)
  An adder (D:2)
  A dart slug (D:2)
  3 ball pythons (D:2)
  3 endoplasms (D:1)
  2 giant cockroaches
  6 goblins
  A hobgoblin (D:1)
  10 jackals (D:1)
  2 kobolds (D:1)
  2 quokkas
  6 bats
  2 frilled lizards (D:1)
  2 rats
43 creatures vanquished.

Notes
Turn   | Place    | Note
-------+----------+-------------------------------------------
     0 | D:1      | holysushi the Formicid Monk began the quest for the Orb.
     0 | D:1      | Reached XP level 1. HP: 18/18 MP: 1/1
    55 | D:1      | Reached XP level 2. HP: 20/24 MP: 2/2
   150 | D:1      | Found a faded altar of an unknown god.
   332 | D:1      | Reached XP level 3. HP: 27/29 MP: 3/3
   506 | D:1      | Reached skill level 4 in Long Blades
   820 | D:2      | Reached XP level 4. HP: 28/35 MP: 4/4
   935 | D:2      | Found a glowing silver altar of Zin.
   999 | D:2      | Identified the +10 short sword "Zikhais" {heavy, rC+ MP+9}
  1468 | D:3      | Slain by a gnoll

Illustrated notes

Levels and vault maps discovered:
D:1:      dpeg_arrival_more_subterranean_lakeside_camping, layout_loops_cross,
          shapermc_ecumenical_altar_totnotflames
D:2:      layout_rooms, basic_altar, minmay_curled_crystal
D:3:      layout_rooms, mainiacjoe_overflow_alcove_2,
          nicolae_overflow_crystal_walls, zin_statuary, reono_crystal_passage,
          chequers_serial_rivers_micro_b, minmay_misc_feat_doors,
          minmay_increasing_density, uniq_jessica

Skill      XL: |  1  2  3 |
---------------+----------+-----
Long Blades    | 4 |  4.9
Fighting       | |  3.5
Dodging        | |  2.9

Action                     |  1- 3 |  4- 6 || total
---------------------------+-------+-------++-------
  Melee: Falchion          |    88 |    10 ||    98
         Short sword       |       |     5 ||     5
    Use: Scroll            |       |     5 ||     5
 Armour: Robe              |    52 |     5 ||    57
         Ring mail         |       |    10 ||    10
  Dodge: Dodged            |    85 |    14 ||    99

Table legend: (Time is in decaauts)
 A = Elapsed time spent in this place.
 B = Non-inter-level travel time spent in this place.
 C = Inter-level travel time spent in this place.
 D = Time resting spent in this place.
 E = Time spent auto-exploring this place.
 F = Levels seen in this place.
 G = Mean time per level.
                   A        B        C        D        E       F      G
               +--------+--------+--------+--------+--------+-----+--------+
         Total |   1482 |   1360 |    122 |    150 |    831 |   3 |  494.0 |
       Dungeon |   1482 |   1360 |    122 |    150 |    831 |   3 |  494.0 |
               +--------+--------+--------+--------+--------+-----+--------+

Top non-repeatable levels by time:
     D:1: 745 daAuts
     D:2: 686 daAuts
     D:3: 50 daAuts
